 Dungeon Crawl Stone Soup version 0.18-a0-921-g28655ce (webtiles) character file.

124 Keomo the Shield-Bearer (level 4, 16/42 HPs)
             Began as a Deep Dwarf Fighter on Dec 27, 2015.
             Starved to death
             ... on level 2 of the Dungeon.
             The game lasted 00:07:30 (1642 turns).

Keomo the Shield-Bearer (Deep Dwarf Fighter)        Turns: 1642, Time: 00:07:30

Health: 16/42      AC:  8    Str: 20    XL:     4   Next: 81%
Magic:  4/4        EV:  8    Int:  9    God:
Gold:   70         SH:  9    Dex: 12    Spells: 0 memorised, 3 levels left

rFire  . . .     SeeInvis .     s - +2 mace (crush)
rCold  . . .     Gourm    .     b - +0 scale mail
rNeg   . . .     Faith    .     c - +0 shield
rPois  .         Spirit   .     (no helmet)
rElec  .         Dismiss  .     r - +0 cloak
rCorr  .         Reflect  .     (no gloves)
SustAt .         Harm     .     (no boots)
MR     .....                    (no amulet)
Stlth  ..........               (no ring)
                                (no ring)

@: fainting, non-regenerating, drained, not resistant to hostile enchantments,
extremely unstealthy
A: damage resistance, recharge devices, sense surroundings 1, slow regeneration
3
a: Device Recharging


You were on level 2 of the Dungeon.
You were fainting.

You visited 1 branch of the dungeon, and saw 2 of its levels.

You collected 70 gold pieces.

Inventory:

Hand Weapons
 a - a +0 flail
 q - a +4 quarterstaff of chaos
 s - a +2 mace of crushing (weapon)
Armour
 b - a +0 scale mail (worn)
 c - a +0 shield (worn)
 r - a +0 cloak (worn)
Wands
 e - a wand of heal wounds (3/9)
Scrolls
 g - a scroll of immolation {unknown}
 h - a scroll of identify
 m - a scroll of amnesia {unknown}
 n - a scroll of remove curse {unknown}
 t - a scroll of noise {unknown}
Potions
 d - a potion of might
 i - 2 potions of haste {unknown}
 j - a potion of curing {unknown}
 k - a potion of cure mutation {unknown}
 o - a potion of flight {unknown}
 p - a potion of lignification {unknown}
 u - a potion of resistance {unknown}
 v - a potion of brilliance {unknown}
Comestibles
 f - 3 bread rations
 l - a royal jelly


   Skills:
 + Level 3.0(2.9) Fighting
 + Level 2.7 Maces & Flails
 + Level 3.8(3.7) Armour
 + Level 2.3 Dodging
 + Level 0.6 Stealth
 + Level 4.2 Shields


You had 3 spell levels left.
You didn't know any spells.

Dungeon Overview and Level Annotations

Branches:
Dungeon (2/15)

Altars:
Pakellas


Innate Abilities, Weirdness & Mutations

You are resistant to damage.
You can recharge devices by infusing magical energy.
You passively map a small area around you.
You do not regenerate naturally.


Message History

The worm is lightly wounded.
The worm bites you!
You hit the worm.
The worm is heavily wounded.
The worm bites you.
You completely miss the worm.
The worm is heavily wounded.
You hit the worm.
The worm is almost dead.
The worm closely misses you.
You hit the worm but do no damage.
The worm is almost dead.
You block the worm's attack.
You barely miss the worm.
The worm is almost dead.
The worm bites you.
You sock the worm!
You kill the worm!
You have starved to death.
You die...

##### #####
#.... #####...#
#.### #...@.#.#
#.# * *#.###...#
#.# , , ##.##
#.# #.# #.### *
#.##########....
#........(##..##
########...#..##
* ###
#.............
#.. ..#
#.####...#..##


There were no monsters in sight!

Vanquished Creatures
  Crazy Yiuf (D:2)
  5 adders (D:2)
  An ooze (D:1)
  4 worms (D:2)
  3 giant cockroaches
  3 goblins
  5 hobgoblins
  6 kobolds
  4 bats
  A giant newt (D:1)
  A quokka (D:2)
  4 rats
  A bush (D:2)
39 creatures vanquished.

Notes
Turn   | Place    | Note
--------------------------------------------------------------
     0 | D:1      | Keomo the Deep Dwarf Fighter began the quest for the Orb.
     0 | D:1      | Reached XP level 1. HP: 20/20 MP: 1/1
   100 | D:1      | Reached XP level 2. HP: 21/27 MP: 2/2
   814 | D:2      | Reached skill level 1 in Dodging
   820 | D:2      | Reached XP level 3. HP: 18/33 MP: 3/3
  1037 | D:2      | Reached skill level 4 in Shields
  1051 | D:2      | Found an oddly glowing altar of Pakellas.
  1168 | D:2      | Noticed Crazy Yiuf
  1181 | D:2      | Killed Crazy Yiuf
  1181 | D:2      | Reached XP level 4. HP: 13/40 MP: 0/4
  1642 | D:2      | Starved to death

Vault maps used:
D:1:      onia_arrival_pentagram
D:2:      grunt_pakellas_basics, first_bread, uniq_crazy_yiuf_cottage

Action                   |  1- 3 |  4- 6 || total
-------------------------+-------+-------++-------
Melee: Flail             |   177 |       ||   177
       Mace              |       |    60 ||    60
Evoke: Wand              |     1 |     1 ||     2
  Use: Scroll            |     1 |       ||     1
